 Dungeon Crawl Stone Soup version 0.31.0-9-g3a7656b989 (webtiles) character file.

Game seed: 6738384158184284475

273 qw the Skirmisher (level 6, -3/44 HPs)
             Began as a Deep Elf Hunter on Feb 2, 2024.
             Slain by Duvessa
             ... wielding a +3 short sword of protection
              (14 damage)
             ... on level 6 of the Dungeon.
             The game lasted 00:00:06 (1762 turns).

qw the Skirmisher (Deep Elf Hunter)                 Turns: 1762, Time: 00:00:07

Health: -3/44      AC:  6    Str: 10    XL:     6   Next: 3%
Magic:  0/8        EV: 11    Int: 14    God:
Gold:   106        SH:  0    Dex: 18    Spells: 5/5 levels left

rFire   . . .        a - +1 shortbow
rCold   . . .        (shield currently unavailable)
rNeg    . . .        k - +0 ring mail
rPois   .            (no helmet)
rElec   .            e - +0 cloak
rCorr   .            (no gloves)
SInv    .            (no boots)
Will    .....        n - amulet of guardian spirit
Stlth   +            (no ring)
HPRegen 0.27/turn    (no ring)
MPRegen 0.11/turn

%: guardian spirit
@: lit by a corona, glowing
A: no striking features
a: no special abilities


You were on level 6 of the Dungeon.
You visited 1 branch of the dungeon, and saw 4 of its levels.

You collected 106 gold pieces.


   Skills:
 - Level 7.4 Fighting
 - Level 13.2 Ranged Weapons
 - Level 1.2 Armour
 + Level 3.3 Dodging
 - Level 1.2 Stealth


You had 5 spell levels left.
You didn't know any spells.
Your spell library was empty.

Inventory:

Hand Weapons
 a - a +1 shortbow (weapon)
Armour
 e - a +0 cloak (worn)
 k - a +0 ring mail (worn)
Jewellery
 n - an amulet of guardian spirit (around neck)
Scrolls
 d - a scroll of revelation {unknown}
Potions
 b - a potion of lignification {unknown}
 c - a potion of magic {unknown}
 f - a potion of curing {unknown}
 m - a potion of enlightenment

Dungeon Overview and Level Annotations

Branches:
Dungeon (3/15)

Altars:
Elyvilon
Xom

Annotations:
D:6 Duvessa


Message History

The arrow hits Duvessa but does no damage.
You shoot an arrow. The arrow hits Duvessa!
Duvessa is moderately wounded.
Dowan mumbles some strange words.
Dowan blinks!
You shoot an arrow. The arrow closely misses Dowan.
You shoot an arrow. The arrow hits Dowan.
Dowan is moderately wounded.
You shoot an arrow. The arrow closely misses Dowan.
The arrow hits Duvessa but does no damage.
Duvessa is moderately wounded.
You shoot an arrow. The arrow barely misses Duvessa.
The arrow hits Dowan!
Dowan is almost dead.
You shoot an arrow. The arrow barely misses Dowan.
Duvessa says, "When magic and the sword combine, nothing stands against them."
You shoot an arrow. The arrow hits Dowan.
Dowan is almost dead.
Duvessa closely misses you. Dowan hits you with a +0 dagger.
You shoot an arrow. The arrow hits Dowan.
You kill Dowan!
Duvessa screams, "No!
How DARE you!"
Duvessa goes berserk!
Duvessa hits you with a +3 short sword of protection!
You have reached level 6!
You shoot an arrow.
The arrow hits Duvessa but does no damage.
Duvessa is moderately wounded.
Duvessa hits you with a +3 short sword of protection.
You shoot an arrow.
The arrow hits Duvessa but does no damage.
Duvessa is moderately wounded.
Duvessa hits you with a +3 short sword of protection!
You shoot an arrow. The arrow hits Duvessa.
Duvessa is moderately wounded.
Duvessa hits you with a +3 short sword of protection!
Duvessa closely misses you.
You shoot an arrow. The arrow hits Duvessa.
Duvessa is moderately wounded.
Duvessa hits you with a +3 short sword of protection!
You die...

#........+
#........#
##.......#
#.......#
#.......#
#.......+
#.......#
#.......#
#..@....#
......e)....#
............#
.............#
........../..#
...............
................
>..............


You could see Duvessa (berserk).

Vanquished Creatures
  An ice beast (D:6)
  Dowan (D:6)
  Natasha (D:2)
  An adder (D:2)
  An orc (D:3)
  3 endoplasms
  2 giant cockroaches
  6 hobgoblins
  A quokka (D:2)
  4 ball pythons
  2 bats
  2 frilled lizards (D:1)
  2 goblins (D:3)
  5 kobolds
  4 rats
36 creatures vanquished.

Notes
Turn   | Place    | Note
-------+----------+-------------------------------------------
     0 | D:1      | qw the Deep Elf Hunter began the quest for the Orb.
     0 | D:1      | Reached XP level 1. HP: 12/12 MP: 3/3
     0 | D:1      | 0 ||| qw: Version: 0.3-a-155-g5e7d8dd
     0 | D:1      | 0 ||| qw: Game counter: 549
     0 | D:1      | 0 ||| qw: Melee chars always use a shield: true
     0 | D:1      | 0 ||| qw: God list: Okawaru
     0 | D:1      | 0 ||| qw: Allow faded altars: false
     0 | D:1      | 0 ||| qw: Do Orc after clearing Dungeon:15 true
     0 | D:1      | 0 ||| qw: Do second Lair branch before Depths: true
     0 | D:1      | 0 ||| qw: Lair rune preference: random
     0 | D:1      | 0 ||| qw: Goals: Normal
     0 | D:1      | 0 ||| PLANNING D:1-11
   330 | D:1      | Reached skill level 6 in Ranged Weapons
   330 | D:1      | Reached XP level 2. HP: 16/16 MP: 4/4
   684 | D:1      | 684 ||| UPGRADING to +0 cloak.
   689 | D:1      | 689 ||| UPGRADING to +0 ring mail.
   699 | D:1      | 699 ||| DROPPING +0 leather armour.
   700 | D:1      | 700 ||| UPGRADING to amulet of guardian spirit.
   705 | D:1      | 705 ||| READING scroll labelled CEONAMPO KYDWY.
   706 | D:1      | 706 ||| READING 2 scrolls labelled HOWUVU SEGU.
   706 | D:1      | 706 ||| IDENTIFYING sedimented ruby potion
   707 | D:1      | 707 ||| READING scroll of identify.
   707 | D:1      | 707 ||| IDENTIFYING amethyst potion
   708 | D:1      | 708 ||| READING scroll labelled XEHUSM ZETE.
   709 | D:1      | 709 ||| READING scroll labelled TIAJAONNAIHOC.
   714 | D:1      | 714 ||| READING scroll labelled ZIOSOA BUH TOV.
   714 | D:1      | 714 ||| ENCHANTING +0 shortbow.
   715 | D:1      | 715 ||| DRINKING 2 bubbling grey potions.
   715 | D:1      | Reached skill level 13 in Ranged Weapons
   715 | D:1      | Reached XP level 3. HP: 20/20 MP: 5/5
   716 | D:1      | 716 ||| DRINKING potion of experience.
   716 | D:1      | Reached XP level 4. HP: 34/34 MP: 6/6
   717 | D:1      | 717 ||| DROPPING scroll of butterflies.
   718 | D:1      | 718 ||| DROPPING potion of degeneration.
  1096 | D:2      | Noticed Natasha
  1105 | D:2      | Killed Natasha
  1151 | D:2      | 1151 ||| READING scroll labelled ZEAGIO WYCSO.
  1267 | D:3      | Found a white marble altar of Elyvilon.
  1311 | D:3      | Found a shimmering altar of Xom.
  1590 | D:3      | Reached skill level 3 in Dodging
  1727 | D:3      | You fall into a shaft and drop 3 floors!
  1739 | D:6      | Noticed an ice beast
  1746 | D:6      | Killed an ice beast
  1747 | D:6      | Reached skill level 1 in Armour
  1747 | D:6      | Reached XP level 5. HP: 38/38 MP: 7/7
  1748 | D:6      | Noticed Dowan
  1748 | D:6      | Noticed Duvessa
  1758 | D:6      | Killed Dowan
  1759 | D:6      | Reached XP level 6. HP: 28/44 MP: 4/8
  1761 | D:6      | HP: 11/44 [Duvessa/+3 short sword of protection (6)]
  1762 | D:6      | Slain by Duvessa

Levels and vault maps discovered:
D:1:      dpeg_arrival_round_a, layout_loops_ring, chequers_avenue
D:2:      layout_rooms, uniq_natasha
D:3:      layout_basic, nicolae_gozag_seed_capital,
          nicolae_elyvilon_peaceful_grove, mainiacjoe_overflow_six_doors_small
D:6:      layout_gridville, serial_library_hellmonk_double_dead_end, uniq_pikel,
          uniq_menkaure, uniq_duvessa, uniq_crazy_yiuf_cottage

Skill      XL: |  1  2  3  4 |
---------------+-------------+-----
Ranged Weapons | 6 13 | 13.2
Fighting       | 7 |  7.4
Dodging        | 3 |  3.3
Armour         | 1 |  1.2
Stealth        | |  1.2

Action                     |  1- 3 |  4- 6 || total
---------------------------+-------+-------++-------
   Fire: Shortbow          |    22 |    69 ||    91
    Use: Scroll            |     6 |     1 ||     7
         Potion            |     2 |       ||     2
 Armour: Ring mail         |       |     8 ||     8
  Dodge: Dodged            |       |     4 ||     4

Table legend:
 A = Non-vault XP
 B = Vault XP
 C = Vault XP percentage of total XP
 D = Non-vault monster count
 E = Vault monster count
 F = Vault count percentage of total count
                 A         B        C        D         E       F
            +---------+---------+-------+---------+---------+-------
      Total |     192 |     104 |  35.1 |      34 |       2 |   5.6
            +---------+---------+-------+---------+---------+-------
        D:1 |      17 |       0 |   0.0 |      13 |       0 |   0.0
        D:2 |      29 |      35 |  54.7 |      10 |       1 |   9.1
        D:3 |      17 |       0 |   0.0 |      10 |       0 |   0.0
        D:6 |     129 |      69 |  34.8 |       1 |       1 |  50.0
            +---------+---------+-------+---------+---------+-------
